AoeStats
← GoldPhantom

Pilgrims

507930797Analyzed
4v4 RM · 13d ago on Sep 20, 2026· 51m 32s· 8 players
Game mode
Random Map
Map size
Large (8 player)
Population
200
Speed
Normal
Resources
Standard
Victory
Conquest
Starting age
Dark Age
Ending age
Imperial Age
RankedLock teamsTeams togetherTeam positionsShared explorationLock speedFull tech treeHidden civsTurbo modeCheats
Victory
Defeat
🇭🇰 Georgians · Hong Kong SAR China
821
+14
🇨🇳 Magyars · China
733
+18
🇲🇽 Britons · Mexico
701
+19
🇲🇽 Persians · Mexico
694
+19
🇹🇼 Persians · Taiwan
807
-18
🇷🇴 Goths · Romania
784
-18
🇵🇱 Cumans · Poland
752
-17
🇪🇸 Bulgarians · Spain
750
-31
Cherr
KNoS
jmsuarezm1980
11:51 Feudal Age
14:11 Double-Bit Axe
14:08 Horse Collar
14:20 Fishing Lines
22:38 Gold Mining
25:01 Castle Age
23:46 Scale Mail Armor
23:57 Forging
24:48 Arson
25:11 Pikeman
25:52 Squires
25:38 Gambesons
26:32 Iron Casting
26:13 Chain Mail Armor
26:10 Heavy Plow
26:23 Bow Saw
26:50 Gillnets
28:43 Gold Shaft Mining
28:02 Stone Mining
30:23 Wheelbarrow
29:33 Town Watch
30:52 Stone Shaft Mining
33:14 Fletching
37:57 Imperial Age
36:20 Hand Cart
37:10 Medium Warships
38:12 Bodkin Arrow
39:59 Conscription
40:23 Ballistics
39:59 Murder Holes
41:12 Bracer
40:46 Halberdier
42:40 Blast Furnace
45:03 Chemistry
46:49 Heavy Warships
46:44 Clinker Construction
46:45 Careening
watchout0723
arhogamer
4:06 Loom
15:23 Feudal Age
16:37 Wheelbarrow
15:50 Double-Bit Axe
15:48 Horse Collar
23:13 Castle Age
22:58 Scale Barding Armor
22:54 Scale Mail Armor
23:04 Forging
22:45 Fletching
22:55 Padded Archer Armor
24:04 Hand Cart
23:58 Caravan
25:17 Stone Mining
25:18 Gold Mining
25:49 Gold Mining
27:11 Bow Saw
27:09 Heavy Plow
33:00 Kamandaran
36:52 Imperial Age
34:38 Town Watch
34:47 Crossbowman
35:32 Thumb Ring
38:05 Crop Rotation
38:39 Two-Man Saw
38:14 Conscription
37:15 Elite War Elephant
39:20 Chemistry
39:44 Leather Archer Armor
39:24 Bodkin Arrow
40:04 Iron Casting
39:45 Chain Mail Armor
41:29 Ballistics
40:59 Guard Tower
44:32 Ring Archer Armor
45:02 Blast Furnace
44:33 Plate Mail Armor
44:23 Chain Barding Armor
47:39 Heated Shot
47:45 Murder Holes
48:01 Masonry
48:38 Heavy Camel Rider
48:38 Cavalier
48:39 Light Cavalry
49:29 Bloodlines
49:19 Husbandry
49:33 Citadels
48:53 Sappers
49:59 Hoardings
49:29 Town Patrol
49:42 Fervor
49:48 Block Printing
49:28 Herbal Medicine
50:08 Theocracy
49:34 Devotion
49:47 Guilds
50:07 Coinage
49:25 Arson
49:40 Squires
49:02 Man-at-Arms
49:27 Gambesons
49:03 Pikeman
50:20 Plate Barding Armor
49:09 Elite Skirmisher
49:09 Heavy Cavalry Archer
50:33 Parthian Tactics
52:09 Architecture
JakeElPerro
30:39 Loom
GoldPhantom
6:53 Loom
15:51 Feudal Age
16:20 Double-Bit Axe
16:19 Horse Collar
16:24 Fishing Lines
22:05 Castle Age
21:44 Wheelbarrow
20:54 Town Watch
21:03 Gold Mining
23:00 Bloodlines
23:20 Bow Saw
25:25 Husbandry
25:52 Forging
25:49 Scale Barding Armor
27:21 Iron Casting
26:48 Gillnets
27:18 Hand Cart
26:59 Stone Mining
28:28 Chain Barding Armor
28:55 Town Patrol
29:25 Fletching
29:17 Elite Skirmisher
30:15 Fervor
31:58 Caravan
32:28 Heavy Plow
32:44 Bodkin Arrow
32:49 Padded Archer Armor
38:35 Imperial Age
38:52 Fortified Wall
39:03 Ballistics
38:48 Scale Mail Armor
39:18 Svan Towers
38:45 Cavalier
40:38 Plate Barding Armor
40:05 Bracer
40:40 Crop Rotation
40:32 Guilds
40:47 Conscription
41:57 Aznauri Cavalry
41:36 Treadmill Crane
42:10 Onager
43:32 Stone Shaft Mining
44:10 Blast Furnace
46:14 Elite Monaspa
46:22 Elite Monaspa
47:22 Squires
46:43 Pikeman
47:42 Chain Mail Armor
50:06 Spies/Treason
信仰之秀
16:05 Feudal Age
16:43 Fishing Lines
17:24 Double-Bit Axe
23:24 Castle Age
26:54 Wheelbarrow
28:24 Gillnets
29:05 Stone Mining
37:01 Bow Saw
36:44 Gold Mining
38:12 Thumb Ring
39:10 Gold Shaft Mining
42:51 Imperial Age
40:53 Fletching
41:04 Padded Archer Armor
41:10 Scale Barding Armor
41:29 Ballistics
40:50 Treadmill Crane
41:20 Masonry
41:58 Corvinian Army
43:59 Conscription
43:37 Bodkin Arrow
43:58 Leather Archer Armor
44:05 Chain Barding Armor
44:40 Hand Cart
46:33 Bracer
46:36 Recurve Bow
47:13 Spies/Treason
49:34 Chemistry
51:20 Careening
51:23 Clinker Construction
51:39 Shipwright
Connection lost

Rejoining the realm…

Still unreachable

The connection could not be restored.

Session expired

The server has moved on; the page needs a fresh start.